 Dungeon Crawl Stone Soup version 0.28-a0-773-g130ae17fe5 (webtiles) character file.

Game seed: 5596771846542106011

371 ders the Stinger (level 6, -1/44 HPs)
             Began as a Demonspawn Venom Mage on Nov 1, 2021.
             Slain by an ogre (17 damage)
             ... on level 4 of the Dungeon.
             The game lasted 00:17:15 (3808 turns).

ders the Stinger (Demonspawn Venom Mage)            Turns: 3808, Time: 00:17:16

Health: -1/44      AC:  3    Str: 15    XL:     6   Next: 42%
Magic:  4/11       EV: 12    Int: 24    God:
Gold:   144        SH:  4    Dex: 13    Spells: 3/12 levels left

rFire   . . .      SeeInvis .   i - +1 whip (venom)
rCold   . . .      Faith    .   (no shield)
rNeg    . . .      Spirit   .   a - +0 robe
rPois   .          Reflect  .   (no helmet)
rElec   .          Harm     .   (no cloak)
rCorr   .          Rampage  .   g - +0 pair of gloves
Will    .....                   (no boots)
Stlth   ++........              (no amulet)
HPRegen 0.14/turn               f - +6 ring of intelligence
MPRegen 0.12/turn               c - +6 ring of strength

@: no status effects
A: spiny 1, condensation shield, demonic touch 1
a: no special abilities


You were on level 4 of the Dungeon.
You visited 1 branch of the dungeon, and saw 4 of its levels.

You collected 144 gold pieces.

Inventory:

Hand Weapons
 b - a +0 hunting sling
 i - a +1 whip of venom (weapon)
Armour
 a - a +0 robe (worn)
 g - a +0 pair of gloves (worn)
Jewellery
 c - a +6 ring of strength (right hand)
 f - a +6 ring of intelligence (left hand)
 k - a ring of magical power
 l - a ring of see invisible
 m - an amulet of reflection
 o - a ring of poison resistance
Scrolls
 j - a scroll of identify
 n - a scroll of teleportation {unknown}
Potions
 d - a potion of brilliance


   Skills:
 + Level 1.9 Fighting
 - Level 1.7 Dodging
 - Level 1.7 Stealth
 * Level 3.8 Spellcasting
 * Level 3.2 Transmutations
 * Level 4.6 Poison Magic


You had 3 spell levels left.
You knew the following spells:

 Your Spells              Type           Power      Damage    Failure   Level
a - Sting                 Tmut/Pois      92%        1d7       1%          1
b - Poisonous Vapours     Pois/Air       30%        N/A       6%          2
c - Olgreb's Toxic Radia  Pois           26%        N/A       14%         4
d - Searing Ray           Conj           8%         2d4       16%         2

Your spell library contained the following spells:

 Spells                   Type           Power      Damage    Failure   Level
 Mephitic Cloud           Conj/Pois/Air  12%        N/A       16%         3
 Conjure Flame            Conj/Fire      4%         6-21      30%         3
 Animate Armour           Summ/Erth      8%         N/A       69%         4
 Starburst                Conj/Fire      2%         6d3       100%        6
 Summon Horrible Things   Summ           2%         N/A       100%        8


Dungeon Overview and Level Annotations

Branches:
Dungeon (4/15)
 Temple: D:4-7

Altars:
Nemelex Xobeh
Zin


Innate Abilities, Weirdness & Mutations

You are partially covered in sharp spines.
A meltable shield of frost defends you. (SH +4)
Your touch may inflict minor irresistible damage on your foes.


Message History

HP restored.
You see here the Almanac of Supportive Conjuration.
Something appears at your feet!
You pick up the Almanac of Supportive Conjuration and begin reading...
You add the spells Searing Ray, Conjure Flame, Animate Armour, Starburst and Summon Horrible Things to your library.
Okay, then.
Memorise Searing Ray, consuming 2 spell levels and leaving 3?
You start memorising the spell.
You continue memorising. x2
You finish memorising.
Spell assigned to 'd'.
You climb downwards.
The ogre barely misses you.
There is a stone staircase leading up here.
Casting: Olgreb's Toxic Radiance (quite dangerous; 14% risk of failure)
Confirm with . or Enter, or press ? or * to list all spells.
Aiming: Searing Ray (safe; 16% risk of failure)
Press: ? - help, Shift-Dir - straight line, f - ogre
Aim: an ogre, wielding a +0 giant club (88% to hit)
The searing ray hits the ogre.
The ogre is moderately wounded. (Press . to maintain the ray.)
The ogre hits you with a +0 giant club!
Casting: Searing Ray (safe; 16% risk of failure)
Confirm with . or Enter, or press ? or * to list all spells.
Aiming: Searing Ray (safe; 16% risk of failure)
Press: ? - help, Shift-Dir - straight line, f/p - ogre
Aim: an ogre, wielding a +0 giant club (lightly wounded, 88% to hit)
The searing ray hits the ogre.
The ogre is moderately wounded. (Press . to maintain the ray.)
The ogre hits you with a +0 giant club!!
The searing ray hits the ogre.
The ogre is heavily wounded.
The ogre misses you.
The searing ray hits the ogre.
The ogre is severely wounded.
The searing ray hits the ogre.
The ogre is severely wounded.
You finish channelling your searing ray.
You block the ogre's attack. The ogre is struck by your spines.
The ogre hits you with a +0 giant club!
You die...

#.....)..............g..
.. #...............)ยง
... ##...<#####..O....
....####...#### ##......
....#.........###.......
........................
........................
#......O.)............).
##.....@.g..............
#..........)...........
##.....................
...................####.
................#..#
......#.........#..#
##....#####....###..#
##... #..#.. ... #..#...


You could see an ogre and a gnoll.

Vanquished Creatures
  2 ogres (D:4)
  Natasha (thrice) (D:3)
  A hound skeleton (D:4)
  2 gnolls (D:4)
  4 adders (D:2)
  An ufetubus (D:2)
  A dart slug (D:2)
  3 orcs
  2 ball pythons
  6 bats
  3 endoplasms
  6 giant cockroaches
  3 goblins (D:1)
  2 hobgoblins (D:2)
  8 jackals
  3 kobolds
  A quokka (D:2)
  2 frilled lizards (D:2)
  3 rats
56 creatures vanquished.

Vanquished Creatures (others)
  2 fungi (D:2)
  18 plants (D:2)
20 creatures vanquished.

Grand Total: 76 creatures vanquished

Notes
Turn   | Place    | Note
-------+----------+-------------------------------------------
     0 | D:1      | ders the Demonspawn Venom Mage began the quest for the Orb.
     0 | D:1      | Reached XP level 1. HP: 13/13 MP: 3/3
   133 | D:1      | Reached skill level 1 in Transmutations
   521 | D:1      | Gained mutation: You are partially covered in sharp spines.
                  | [demonic ancestry]
   521 | D:1      | Reached XP level 2. HP: 15/19 MP: 1/5
  1200 | D:2      | Learned a level 2 spell: Poisonous Vapours
  1211 | D:2      | Reached XP level 3. HP: 3/24 MP: 3/6
  1212 | D:2      | HP: 1/36 [poisoned by an adder]
  2087 | D:2      | Found a faded altar of an unknown god.
  2263 | D:3      | Gained mutation: A meltable shield of frost defends you.
                  | (SH +4) [demonic ancestry]
  2263 | D:3      | Reached XP level 4. HP: 26/31 MP: 8/8
  2732 | D:3      | Noticed Natasha
  2748 | D:3      | Killed Natasha
  2749 | D:3      | Reached skill level 1 in Fighting
  2755 | D:3      | Learned a level 4 spell: Olgreb's Toxic Radiance
  3028 | D:3      | Noticed Natasha
  3036 | D:3      | Killed Natasha
  3037 | D:3      | Reached skill level 4 in Poison Magic
  3037 | D:3      | Gained mutation: Your touch may inflict minor irresistible
                  | damage on your foes. [demonic ancestry]
  3037 | D:3      | Reached XP level 5. HP: 37/37 MP: 9/9
  3049 | D:3      | Noticed Natasha
  3053 | D:3      | Killed Natasha
  3058 | D:3      | Noticed an angel
  3138 | D:3      | Found a sparkling altar of Nemelex Xobeh.
  3316 | D:4      | Noticed an ogre
  3437 | D:4      | Killed an ogre
  3438 | D:4      | Reached XP level 6. HP: 39/44 MP: 4/11
  3531 | D:4      | Identified 2 scrolls of acquirement
  3531 | D:4      | Acquired the ring of Moecweor {rF++ EV+4 Dex+2}
  3795 | D:3      | Acquired the Almanac of Supportive Conjuration
  3800 | D:3      | Learned a level 2 spell: Searing Ray
  3808 | D:4      | Slain by an ogre

Illustrated notes

Levels and vault maps discovered:
D:1:      dpeg_arrival_radiant, layout_loops_corners
D:2:      layout_rooms, serial_bayou, serial_bayou_pond_e, serial_bayou_pond_a,
          serial_bayou_crossing, serial_bayou_pond_d,
          shapermc_ecumenical_altar_ellora
D:3:      layout_basic, nemelex_spade_bored_becter, zin_angel, uniq_natasha
D:4:      layout_layer_cave, gammafunk_temple_overflow_statue

Skill      XL: |  1  2  3  4  5  6 |
---------------+-------------------+-----
Transmutations | 1 2 3 |  3.2
Fighting       | 1 |  1.9
Spellcasting   | 3 |  3.8
Poison Magic   | 4 |  4.6
Dodging        | |  1.7
Stealth        | |  1.7

Action                   |  1- 3 |  4- 6 || total
-------------------------+-------+-------++-------
Melee: Whip              |    64 |    34 ||    98
       Unarmed           |     2 |       ||     2
       Hunting sling     |     1 |       ||     1
       Touch             |       |     3 ||     3
 Cast: Sting             |     7 |       ||     7
       Poisonous Vapours |     8 |    14 ||    22
       Searing Ray       |       |     2 ||     2
       Olgreb's Toxic Ra |       |     1 ||     1
  Use: Potion            |     2 |     1 ||     3
       Scroll            |       |     4 ||     4
 Stab: Sleeping          |     2 |     1 ||     3
Armor: Robe              |    18 |     7 ||    25
       Skin              |     2 |       ||     2
Dodge: Dodged            |    43 |    27 ||    70
Block: Other             |       |     5 ||     5

Table legend: (Time is in decaauts)
 A = Elapsed time spent in this place.
 B = Non-inter-level travel time spent in this place.
 C = Inter-level travel time spent in this place.
 D = Time resting spent in this place.
 E = Time spent auto-exploring this place.
 F = Levels seen in this place.
 G = Mean time per level.
                   A        B        C        D        E       F      G
               +--------+--------+--------+--------+--------+-----+--------+
         Total |   3836 |   3597 |    239 |   1179 |   1845 |   4 |  959.0 |
       Dungeon |   3836 |   3597 |    239 |   1179 |   1845 |   4 |  959.0 |
               +--------+--------+--------+--------+--------+-----+--------+

Top non-repeatable levels by time:
     D:2: 1417 daAuts
     D:3: 1355 daAuts
     D:1: 904 daAuts
     D:4: 159 daAuts
